[Event "Late-Titled-Tuesday-Blitz-April-30-2024"]
[Site "Chess.com"]
[Date "2024.04.30"]
[Round "5"]
[White "bubeliang"]
[Black "rhungaski"]
[Result "1-0"]
[WhiteElo "2810"]
[BlackElo "2568"]
[TimeControl "180+1"]
[EndTime "14:57:50 PDT"]
[Termination "bubeliang won by resignation"]

1. e4 e5 2. Nf3 Nc6 3. Bc4 Nf6 4. d3 h6 5. O-O d6 6. d4 Bg4 7. c3 Qe7 8. Be2 Bd7 9. Nbd2 g6 10. d5 Nb8 11. c4 a5 12. b3 Na6 13. a3 Bg7 14. Bb2 O-O 15. Bc3 Nc5 16. Qc2 Nh5 17. b4 Na4 18. c5 Nf4 19. Bc4 Nxc3 20. Qxc3 f5 21. c6 bxc6 22. dxc6+ Be6 23. b5 a4 24. Kh1 Kh8 25. Bxe6 Qxe6 26. Qc4 Qe7 27. Rab1 fxe4 28. Qxe4 d5 29. Qc2 e4 30. Rfe1 Nxg2 31. Kxg2 exf3+ 32. Nxf3 Qxa3 33. Nh4 Kg8 34. Nxg6 Qf3+ 35. Kg1 Qg4+ 36.
Kh1 Rf6 37. Rg1 Qf3+ 38. Rg2 Re8 39. Rg1 Rfe6 40. Nh4 Qe4 41. Qxe4 Rxe4 42. Rxg7+ Kh8 43. Nf5 Re1 44. Nxh6 Rxg1+ 45. Rxg1 a3 46. b6 cxb6 47.
Nf7+ Kh7 48. Nd6 Ra8 49. c7 b5 50. c8=Q Rxc8 51. Nxc8 b4 52. Ra1 Kg6 53. Nb6 d4 54. Nd5 b3 55. Rxa3 b2 56. Rb3 d3 57. Rxb2 1-0

[Event "Late-Titled-Tuesday-Blitz-April-30-2024"]
[Site "Chess.com"]
[Date "2024.04.30"]
[Round "5"]
[White "nabukatnezarr"]
[Black "falzehope0"]
[Result "0-1"]
[WhiteElo "2579"]
[BlackElo "2434"]
[TimeControl "180+1"]
[EndTime "14:57:51 PDT"]
[Termination "falzehope0 won by checkmate"]

1. e4 d6 2. d4 Nf6 3. Nc3 Nbd7 4. Nf3 e5 5. g4 h6 6. Rg1 Be7 7. Bc4 c6 8. a4 Qa5 9. Qe2 exd4 10. Nxd4 Ne5 11.
f3 Qc5 12. Bxf7+ Kxf7 13. Be3 Nc4 14. Bf2 Nxb2 15. Na2 Qc4 16. Qd2 Nxa4 17. Nf5 Bxf5 18. gxf5 a5 19. Bd4 Rhe8 20. Kf2 Bf8 21. Bxf6 Kxf6 22. Rg6+ Kf7 23. Kg2 d5 24. exd5 Qxd5 25. Qf4 Re2+ 26. Kh1 Rae8 27. Rag1 Re1 28. f6 Rxg1+ 29.
Rxg1 g5 30. Qg4 Kg6 31. f7 Re3 32. Rf1 Qxf7 33. f4 Qf5 34. Qg1 Qe4+ 35. Qg2 Qxg2+ 36.
Kxg2 Re2+ 37. Kg3 Rxc2 38. fxg5 Bg7 39. gxh6 Bxh6 40. Nc1 Rxc1 41. Rf2 Rc3+ 42. Kg4 Bg5 43. h4 Rc4+ 44. Kh3 Rxh4+ 45. Kg3 Rd4 46. Rg2 Rd3+ 47.
Kg4 Rd4+ 48. Kf3 Nc5 49. Kg3 Rd3+ 50. Kg4 Rd4+ 51. Kg3 a4 52. Kf3 Rd5 53. Ra2 b5 54. Kg4 Ne6 55. Re2 Kf6 56. Kh5 Nf4+ 57. Kg4 Nxe2 58.
Kf3 a3 59. Ke4 a2 60. Kf3 Nf4 61. Ke4 Re5+ 62. Kf3 a1=Q 63. Kg4 Qg1+ 64. Kf3 Re3# 0-1

[Event "Late-Titled-Tuesday-Blitz-April-30-2024"]
[Site "Chess.com"]
[Date "2024.04.30"]
[Round "5"]
[White "sillypiggy2024"]
[Black "Caterpiller35"]
[Result "0-1"]
[WhiteElo "1735"]
[BlackElo "2487"]
[TimeControl "180+1"]
[EndTime "14:57:51 PDT"]
[Termination "Caterpiller35 won on time"]

1. d4 Nf6 2. c4 g6 3. g3 Bg7 4.
Bg2 O-O 5. Nc3 d6 6. Nf3 Nc6 7. O-O e5 8. dxe5 dxe5 9. Qxd8 Rxd8 10. Bg5 h6 11. Bxf6 Bxf6 12. Nd5 Kg7 13. Nxc7 Rb8 14. Nd5 Be6 15. e4 Na5 16. b3 Rbc8 17. Rad1 Nc6 18. Rfe1 Bg4 19. h3 Bxf3 20. Bxf3 Nd4 21. Bg4 Rc6 22. Rc1 h5 23. Be2 Bg5 24. f4 exf4 25. gxf4 Bh4 26. Rcd1 Bxe1 27. Rxd4 Bg3 28. Rd3 h4 29. Kg2 Re8 30. Kf3 g5 31. f5 f6 32. a3 Be5 33. Rd2 Rd6 34. Rc2 Rc8 35. b4 b6 36. a4 Kf7 37. Bd3 a5 38. b5 Rc5 39. Be2 Ke8 40. Ke3 Kd7 41. Bd3 Kc8 42.
Be2 Kb7 43. Bd3 Rd8 44. Be2 Rdc8 45. Bd3 Rf8 46. Be2 Bh2 47. Bg4 Bg1+ 48. Kd3 Rd8 49. Bf3 Rd6 50. Bh5 Rc8 51. Bg4 Bc5 52. Re2 Re8 0-1

[Event "Late-Titled-Tuesday-Blitz-April-30-2024"]
[Site "Chess.com"]
[Date "2024.04.30"]
[Round "5"]
[White "Walter_White_Poland"]
[Black "MiguelBestard1981"]
[Result "1-0"]
[WhiteElo "2369"]
[BlackElo "2138"]
[TimeControl "180+1"]
[EndTime "14:57:52 PDT"]
[Termination "Walter_White_Poland won by checkmate"]

1. e4 e5 2. Nf3 Nf6 3. d4 Nxe4 4.
Bd3 Nc6 5. Bxe4 d5 6. Bg5 Qd7 7. Bd3 e4 8. O-O exd3 9. Re1+ Be7 10. Ne5 Nxe5 11. Bxe7 Qg4 12. Nc3 Qxd1 13. Raxd1 dxc2 14. Rd2 c1=Q 15. Rxc1 c6 16. Bb4 Ng6 17. Re1+ Be6 18. g3 O-O-O 19. f4 Rde8 20. Kf2 Bd7 21. Rde2 Rxe2+ 22. Rxe2 Re8 23. Rxe8+ Bxe8 24. h4 Kd7 25. Nd1 Ne7 26. Bxe7 Kxe7 27. Ne3 Bd7 28. Ke2 h5 29. Kd3 Be6 30. b4 b6 31. Kc3 Kd6 32. a3 g6 33.
Nd1 a6 34. Nf2 c5 35. dxc5+ bxc5 36. bxc5+ Kxc5 37. Nd3+ Kb5 38. Ne5 Ka4 39. Kb2 d4 40. Nd3 f6 41. Nc5+ Kb5 42. Nxe6 Kc4 43. f5 gxf5 44. Ng7 f4 45. gxf4 Kd3 46. Nxh5 Ke2 47. Nxf6 d3 48. Ne4 Ke3 49. Nc3 Kxf4 50. Kc1 Kg4 51. Kd2 Kxh4 52. Kxd3 Kg4 53. Kc4 Kf5 54.
Kc5 Ke6 55. a4 Kd7 56. a5 Kc7 57. Nd5+ Kb7 58. Kd6 Kb8 59. Kc6 Ka7 60. Kc7 Ka8 61. Kb6 Kb8 62. Nb4 Ka8 63. Nd5 Kb8 64. Kxa6 Ka8 65.
Kb6 Kb8 66. a6 Ka8 67. Nc7+ Kb8 68. a7+ Kc8 69. a8=Q+ Kd7 70. Qe8+ Kd6 71. Qe6# 1-0

[Event "Late-Titled-Tuesday-Blitz-April-30-2024"]
[Site "Chess.com"]
[Date "2024.04.30"]
[Round "5"]
[White "JonasEilenberg"]
[Black "georgpapi"]
[Result "1-0"]
[WhiteElo "2564"]
[BlackElo "2373"]
[TimeControl "180+1"]
[EndTime "14:57:56 PDT"]
[Termination "JonasEilenberg won on time"]

1. d4 Nf6 2. c4 g6 3. Nc3 Bg7 4. Nf3 O-O 5. Bg5 c5 6. d5 d6 7. e3 a6 8. Be2 Nbd7 9. O-O Rb8 10. a4 Ng4 11. h3 Nge5 12. Nd2 f6 13. Bh4 g5 14.
Bg3 f5 15. f4 gxf4 16. Bxf4 Ng6 17. Qc2 Nde5 18. Nf3 Nxf4 19. exf4 Ng6 20. g3 e5 21. dxe6 Bxe6 22. Bd3 Qf6 23. Rae1 Rbe8 24. Kg2 h6 25. Re2 b5 26. axb5 axb5 27. Rfe1 bxc4 28. Bxc4 Bxc4 29. Rxe8 Rxe8 30. Rxe8+ Kh7 31. h4 Nxf4+ 32. Kh2 Ng6 33.
Qg2 Bf7 34. Re1 Ne5 35. Nxe5 dxe5 36. Rf1 f4 37. Ne4 Qg6 38. gxf4 Qxg2+ 39. Kxg2 Bd5 40. Kf3 exf4 41. Rd1 Bxe4+ 42. Kxe4 Bxb2 43. Kxf4 Kg6 44.
Rd6+ Kh5 45. Rc6 Bd4 46. Kg3 Be3 47. Kh3 Bd4 48. Rd6 Be3 49. Rd5+ Kg6 50. Kg4 Bd4 51.
Rd6+ Kg7 52. Rc6 Kf7 53. Kf5 Kg7 54. Rc7+ Kf8 55. Kg6 Be3 56. h5 Ke8 57. Kf6 Kd8 58. Rc6 Ke8 59. Ke6 Kf8 60. Rc8+ Kg7 61. Rc7+ Kg8 62.
Kf6 1-0

[Event "Late-Titled-Tuesday-Blitz-April-30-2024"]
[Site "Chess.com"]
[Date "2024.04.30"]
[Round "5"]
[White "prxcess_brownie"]
[Black "Kostukov_Alex"]
[Result "0-1"]
[WhiteElo "2173"]
[BlackElo "2384"]
[TimeControl "180+1"]
[EndTime "14:57:56 PDT"]
[Termination "Kostukov_Alex won by resignation"]

1. c4 c5 2. Nf3 Nf6 3. d4 cxd4 4. Nxd4 Nc6 5. Nc3 g6 6. e4 d6 7. Be2 Bg7 8. Be3 Nxd4 9. Bxd4 Qa5 10. O-O O-O 11. a3 Be6 12. b4 Qc7 13. Qd3 Rfc8 14. Nd5 Nxd5 15. exd5 Bf5 16. Qe3 Bxd4 17. Qxd4 Qb6 18.
Qh4 e5 19. Rfc1 a5 20. b5 a4 21.
Kf1 Qc7 22. f3 b6 23. g4 Bd7 24. Qf6 Be8 25. Qg5 Qd8 26. Qxd8 Rxd8 27. Bd1 Rdc8 28. Rc3 Bxb5 29. Rac1 Bd7 30. Rb1 Ra6 31. Rb4 Rc5 32. Kf2 Kf8 33. Ke3 Ke7 34. h4 Kd8 35. f4 f6 36. fxe5 dxe5 37. Ke4 Ke7 38. g5 Bf5+ 39. Ke3 Rc8 40. gxf6+ Kxf6 41. Rxa4 Rxa4 42. Bxa4 g5 43. hxg5+ Kxg5 44. d6 Be6 45. Bd1 Kf6 46. c5 bxc5 47.
Bf3 c4 48. Be4 Rd8 49. Bxh7 Rxd6 50. Be4 Rb6 51. Bf3 Rb3 52. Rxb3 cxb3 53. Be4 Bf5 54. Bxf5 Kxf5 55. Kd3 e4+ 56. Kc3 e3 57. a4 e2 58.
Kd2 b2 0-1

[Event "Late-Titled-Tuesday-Blitz-April-30-2024"]
[Site "Chess.com"]
[Date "2024.04.30"]
[Round "5"]
[White "slidingknight2775"]
[Black "TheAlienParty"]
[Result "1-0"]
[WhiteElo "2622"]
[BlackElo "2428"]
[TimeControl "180+1"]
[EndTime "14:57:58 PDT"]
[Termination "slidingknight2775 won by resignation"]

1. d4 Nf6 2. c4 e6 3. Nc3 Bb4 4. e3 d5 5. Bd2 O-O 6. Nf3 c5 7. a3 Bxc3 8. Bxc3 Ne4 9. Rc1 Nc6 10.
dxc5 Nxc5 11. cxd5 exd5 12. Bxg7 Kxg7 13. Rxc5 Qb6 14. Qc1 d4 15. Nxd4 Nxd4 16. exd4 Re8+ 17.
Re5 Bd7 18. Be2 f6 19. Re3 Qxd4 20. Qd2 Qxd2+ 21. Kxd2 Bc6 22. Rxe8 Rxe8 23. f3 Rd8+ 24. Ke3 Re8+ 25. Kf2 Rd8 26. Rd1 Rxd1 27. Bxd1 h6 28. Ke3 Kf7 29. g3 Ke6 30. Kd4 b6 31. b4 Kf5 32. Bc2+ Ke6 33. Be4 Ba4 34. f4 Bb3 35. Bd3 Kd6 36. Be2 Be6 37. g4 Bd7 38. h4 Be6 39. g5 fxg5 40. fxg5 hxg5 41. hxg5 Ke7 42.
Bc4 Bf5 43. Ke5 Bc2 44. Bd5 a5 45. Be4 Ba4 46. g6 axb4 47. axb4 Be8 48. Kf5 Bd7+ 49. Ke5 Be8 50. Kf5 Bd7+ 51. Kg5 Be6 52. Kh6 Kf6 53. g7 Ke5 54. Bc6 Bg8 55. Kg6 Ke6 56.
Ba4 Ke7 57. Bc2 Kd6 58. Bd3 Kd5 59. Kf6 Kd4 60. Bf1 Kc3 61. b5 Kd4 62. Ke7 Ke5 63. Kf8 Bb3 64. g8=Q Bxg8 65. Kxg8 Kd6 66. Kf8 Kc5 67.
Ke7 Kb4 68. Kd6 Ka5 69. Kc6 Kb4 70. Kxb6 Kb3 71. Kc6 Kc3 72. b6 Kd2 73. b7 Ke1 74. b8=Q Kxf1 75. Qb2 1-0

[Event "Late-Titled-Tuesday-Blitz-April-30-2024"]
[Site "Chess.com"]
[Date "2024.04.30"]
[Round "5"]
[White "Sjakkerntobi"]
[Black "Sanyura"]
[Result "1-0"]
[WhiteElo "2511"]
[BlackElo "2643"]
[TimeControl "180+1"]
[EndTime "14:57:59 PDT"]
[Termination "Sjakkerntobi won by resignation"]

1. e4 c5 2. Nf3 e6 3. d4 cxd4 4.
Nxd4 Nf6 5. Nc3 Nc6 6. Ndb5 Bc5 7. Nd6+ Ke7 8. Bf4 e5 9. Nf5+ Kf8 10. Be3 Bb4 11.
a3 Bxc3+ 12. bxc3 d5 13. Bc5+ Kg8 14. exd5 Nxd5 15. Bc4 Bxf5 16. Qxd5 Qf6 17. O-O Be6 18. Qd3 Bxc4 19. Qxc4 g6 20. f4 e4 21. f5 g5 22.
Qxe4 Qxc3 23. Be3 Qf6 24. Rad1 Kg7 25. Qg4 h6 26. h4 h5 27. Qxg5+ Qxg5 28. hxg5 Rhe8 29.
Bc1 Re2 30. Bb2+ Kg8 31. g6 Rxc2 32. gxf7+ Kxf7 33. Ba1 Rd8 34. Rxd8 Nxd8 35. Rd1 Nc6 36. Rd7+ Ke8 37. Rd1 Rc5 38. Rf1 Kf7 39. Kh2 Ne7 40. f6 Nd5 41. Kh3 Rc6 42. Kh4 Kg6 43. f7 Rc4+ 44. Kh3 Nf4+ 45. Kh2 Kxf7 46. Be5 Ke6 47. Bxf4 Rc3 48. Bc1 b5 49. Re1+ Kd5 50. Rd1+ Kc4 51. Re1 a5 52. Rf1 b4 53. axb4 axb4 54.
Bd2 Rd3 55. Be1 b3 56. Bh4 b2 57. Bf6 Kb3 58. Rb1 Rd2 59. Kh3 Rd3+ 60. g3 Rd2 61. Rxb2+ Rxb2 62. Bxb2 Kxb2 63. Kh4 1-0

[Event "Late-Titled-Tuesday-Blitz-April-30-2024"]
[Site "Chess.com"]
[Date "2024.04.30"]
[Round "5"]
[White "Russian_berezka"]
[Black "db-banana"]
[Result "1-0"]
[WhiteElo "2626"]
[BlackElo "2467"]
[TimeControl "180+1"]
[EndTime "14:57:59 PDT"]
[Termination "Russian_berezka won by resignation"]

1. d4 Nf6 2. c4 c5 3. d5 e6 4. Nc3 exd5 5. cxd5 d6 6. Nf3 g6 7. Nd2 Bg7 8. e4 O-O 9. Be2 a6 10. a4 Re8 11. O-O Nbd7 12. Kh1 Rb8 13. f4 Qc7 14. e5 dxe5 15. Nc4 e4 16. f5 Qd8 17. Bf4 Ra8 18. fxg6 hxg6 19. Nd6 Rf8 20. Bg5 Qb6 21. Ndxe4 Nxe4 22.
Nxe4 Qxb2 23. Rb1 Qd4 24. Qc2 Qxd5 25. Be7 Ne5 26. Bxf8 Kxf8 27. Rfd1 Qc6 28. Qxc5+ Qxc5 29. Nxc5 Bf5 30. Rxb7 Bh6 31. Nxa6 Rc8 32. Rb8 Rxb8 33. Nxb8 Bc2 34. Ra1 Be3 35. a5 Bd4 36. Ra2 Bb3 37. Ra3 Bd5 38. Na6 g5 39. Nc7 Be4 40. a6 Ng6 41. a7 Bxa7 42. Rxa7 Nf4 43. Bf3 Bd3 44. Nd5 Ne6 45. Ra8+ Kg7 46. Ne7 Kf6 47. Ng8+ Kf5 48. Nh6+ Kf4 49. Ra4+ Ke3 50. Ng4+ Kd2 51. h3 f5 52. Ne5 Bb5 53. Ra2+ Kc3 54. Kh2 Kd4 55. Nf7 Ke3 56. Ra5 Bd3 57. Re5+ Kf4 58. Rxe6 g4 59.
hxg4 fxg4 60. Rf6+ Ke3 61. Bxg4 1-0

[Event "Late-Titled-Tuesday-Blitz-April-30-2024"]
[Site "Chess.com"]
[Date "2024.04.30"]
[Round "5"]
[White "Slovineanu"]
[Black "Iskusnyh"]
[Result "0-1"]
[WhiteElo "2462"]
[BlackElo "2622"]
[TimeControl "180+1"]
[EndTime "14:57:59 PDT"]
[Termination "Iskusnyh won by resignation"]

1. d4 d5 2. Nf3 Nf6 3. c4 c6 4. e3 a6 5. Nbd2 Bf5 6. Qb3 Qc7 7. Bd3 e6 8. O-O Be7 9. Ne5 O-O 10. Bxf5 exf5 11. cxd5 cxd5 12. Ndf3 Nc6 13. Bd2 Bd6 14. Rfc1 Rfc8 15. Rc2 Qd8 16. Rac1 Rab8 17. a3 h6 18. h3 Bxe5 19. Nxe5 Ne4 20. Be1 Nxe5 21. dxe5 Rxc2 22. Qxc2 Qe8 23. f3 Ng5 24. Qxf5 Ne6 25. Qd3 Rd8 26. Bc3 Qe7 27. Bd4 Qh4 28. f4 Qg3 29. Rd1 g6 30.
Qe2 Ng7 31. Qf3 Qxf3 32. gxf3 Nf5 33. Kf2 Rc8 34. Bc3 Rc5 35. e4 dxe4 36. fxe4 Ne7 37.
Rd7 Nc6 38. Rxb7 g5 39. f5 Nxe5 40. Bxe5 Rxe5 41. Kf3 Rc5 42. Rb6 a5 43. Rxh6 Rb5 44.
Ra6 Rxb2 45. Rxa5 Kg7 46. e5 Rc2 47. a4 Rc4 48. Ra6 Rf4+ 49. Ke3 Rxf5 50. Ke4 Rf4+ 51. Kd5 Rh4 52. Ra5 Rxh3 53. Ra8 Ra3 54. a5 g4 55. a6 g3 56. Rc8 Rxa6 57. Rc3 g2 58. Rg3+ Rg6 0-1

[Event "Late-Titled-Tuesday-Blitz-April-30-2024"]
[Site "Chess.com"]
[Date "2024.04.30"]
[Round "5"]
[White "Mops_2004"]
[Black "Mackster23"]
[Result "1-0"]
[WhiteElo "2805"]
[BlackElo "2605"]
[TimeControl "180+1"]
[EndTime "14:58:00 PDT"]
[Termination "Mops_2004 won by checkmate"]

1. g3 e5 2. c4 Nf6 3. Bg2 c6 4.
Nf3 d6 5. Nc3 Be7 6. Qc2 O-O 7. d4 Nbd7 8. O-O Qc7 9. h3 h6 10.
e4 Re8 11. Be3 a6 12. Rfd1 Nf8 13. c5 exd4 14. cxd6 Bxd6 15. Nxd4 c5 16. Ndb5 axb5 17. Nxb5 Qa5 18. Nxd6 Rd8 19. Qxc5 Qa4 20. b3 Qd7 21. e5 N6h7 22. f4 Ne6 23. Qc2 Qe7 24. Bb6 Rf8 25. Kh2 Bd7 26. Nf5 Qe8 27. Bxb7 Rb8 28.
Nd6 Qe7 29. Qg2 f6 30. f5 fxe5 31. fxe6 Bxe6 32. Be3 Rfd8 33. Qc6 Nf6 34. Ba7 Rxd6 35. Qxd6 Rxb7 36. Qxe7 Rxe7 37. Bc5 Rc7 38. Rac1 Ne4 39. Be3 Rf7 40. Re1 Rf3 41. g4 h5 42. Bg1 Ng5 43.
Re3 Rf4 44. gxh5 Nf3+ 45. Kg3 Ng5 46. Rce1 Rf5 47. h4 Nf7 48. h6 gxh6 49. Rf3 Rh5 50. Rf6 Kg7 51. Rxe6 Kf8 52. Rf6 Kg7 53. Rxf7+ Kxf7 54. Kg4 Kg6 55. Rf1 Rf5 56. Rxf5 e4 57. h5+ Kg7 58.
Bd4+ Kg8 59. Kf4 e3 60. Kxe3 Kh7 61. Kf4 Kg8 62. b4 Kh7 63. b5 Kg8 64. b6 Kh7 65. b7 Kg8 66. b8=Q+ Kh7 67. Rf7# 1-0

[Event "Late-Titled-Tuesday-Blitz-April-30-2024"]
[Site "Chess.com"]
[Date "2024.04.30"]
[Round "5"]
[White "Hudijegszid"]
[Black "manitodeplomo"]
[Result "1/2-1/2"]
[WhiteElo "2456"]
[BlackElo "2612"]
[TimeControl "180+1"]
[EndTime "14:58:00 PDT"]
[Termination "Game drawn by repetition"]

1. Nf3 g6 2. e4 Bg7 3. d4 c5 4. d5 d6 5. Nc3 Nf6 6. Bb5+ Bd7 7. a4 Bxb5 8. axb5 Nbd7 9. h3 O-O 10. O-O Ne8 11.
Bf4 Nc7 12. Qe2 Nb6 13. Rad1 Qd7 14. e5 f6 15. exd6 exd6 16. Rfe1 Rae8 17. Qd3 g5 18. Bg3 h6 19. h4 g4 20. Nd2 f5 21. Rxe8 Rxe8 22.
Nf1 c4 23. Qd2 Nxb5 24. Nxb5 Qxb5 25. Ne3 Qd7 26. Qa5 Qa4 27. Qxa4 Nxa4 28. Nxf5 Nxb2 29. Ra1 Re2 30. Rxa7 Rxc2 31. Rxb7 Bf8 32. Bxd6 Bxd6 33.
Nxd6 Rd2 34. Nf5 c3 35. Rc7 c2 36. Kh2 Nd3 37. Nxh6+ Kf8 38. Nxg4 c1=Q 39. Rxc1 Nxc1 40. f3 Rxd5 41. Kg3 Nd3 42. Nf2 Nxf2 43. Kxf2 Rd4 44. g4 Kf7 45. Kg3 Kf6 46. f4 Rd3+ 47. Kg2 Ra3 48. h5 Rb3 49. h6 Kg6 50. g5 Rc3 51.
Kf2 Kf5 52. Kg2 Ra3 53. Kh2 Rb3 54. Kg2 Rc3 55. Kh2 Rc7 56. Kg3 Rc3+ 57. Kg2 Kg6 58. Kh2 Rb3 59. Kg2 Kf5 60. Kf2 Kg6 61. Kg2 1/2-1/2

[Event "Late-Titled-Tuesday-Blitz-April-30-2024"]
[Site "Chess.com"]
[Date "2024.04.30"]
[Round "5"]
[White "jcibarra"]
[Black "amintabatabaei"]
[Result "0-1"]
[WhiteElo "3001"]
[BlackElo "3120"]
[TimeControl "180+1"]
[EndTime "14:58:01 PDT"]
[Termination "amintabatabaei won on time"]

1. e4 c6 2. Nf3 d5 3. d3 dxe4 4. dxe4 Qxd1+ 5. Kxd1 Nf6 6. Nbd2 g6 7. Ne5 Bh6 8. f3 O-O 9. Nd3 Rd8 10. c3 b6 11. Kc2 Ba6 12. Ne5 Bxf1 13. Rxf1 Bf4 14. Nd3 Bxh2 15. f4 h5 16. e5 Ng4 17. Ne4 Na6 18.
Ndf2 Nxf2 19. Rxf2 h4 20. Rf3 Nc5 21. Nxc5 bxc5 22.
Be3 c4 23. Bf2 Bg3 24. Bxg3 hxg3 25. Rxg3 Kg7 26. Re1 Rd5 27. Rge3 Rad8 28. R1e2 e6 29. Re4 Rc5 30. Rd2 Rh8 31. Red4 Rh4 32. Rd7 Rxf4 33.
Rxa7 Rxe5 34. Rc7 g5 35. Rxc6 g4 36. Rcd6 g3 37. R6d4 Ree4 38. a4 Rxd4 39. cxd4 Rf1 40. Kc3 Ra1 41. Kb4 f5 42. Rc2 f4 43. a5 Kf6 44. Kb5 Kf5 45. a6 Ke4 46. Rxc4 f3 47.
gxf3+ Kf5 48. Rc5+ Kf4 49. Rc8 g2 50. Rg8 g1=Q 51. Rxg1 Rxg1 52. Kc6 Ra1 53. Kb6 Kxf3 54.
a7 Ke4 55. b4 Kxd4 56. b5 Kc4 57. a8=Q Rxa8 0-1

[Event "Late-Titled-Tuesday-Blitz-April-30-2024"]
[Site "Chess.com"]
[Date "2024.04.30"]
[Round "5"]
[White "BogdanDeac"]
[Black "Zhigalko_Sergei"]
[Result "1-0"]
[WhiteElo "3068"]
[BlackElo "2877"]
[TimeControl "180+1"]
[EndTime "14:58:01 PDT"]
[Termination "BogdanDeac won by checkmate"]

1. d4 Nf6 2. c4 e6 3. Nc3 Bb4 4. e3 O-O 5. Bd2 b6 6. Nf3 Bb7 7.
Bd3 d6 8. Qc2 Nbd7 9. a3 Bxc3 10. Bxc3 c5 11. O-O Rc8 12. Nd2 h6 13. b3 Rc7 14. f3 d5 15. a4 a5 16. Rfd1 Qe7 17. Qb2 Rfc8 18. Rac1 cxd4 19. exd4 Nh5 20. Nb1 Nf4 21.
Bf1 Qg5 22. Kh1 Qf5 23. Na3 Bc6 24. Bd2 h5 25. Be3 h4 26. Qd2 Ng6 27. h3 Nf6 28. Bd3 Qh5 29. Nb5 Bxb5 30. cxb5 Ne7 31. Bf4 Rxc1 32.
Rxc1 Rxc1+ 33. Qxc1 Nf5 34. Qc8+ Kh7 35. Qc7 Qg6 36. Kg1 Nh5 37. Qe5 f6 38. Qc7 Kh8 39.
Qb8+ Kh7 40. Qc7 Kh8 41. Bd2 Nhg3 42. Qb8+ Kh7 43. Qxb6 Qf7 44. Qb8 g6 45. Qc8 Nxd4 46.
Qc5 Nde2+ 47. Kf2 e5 48. Bxe2 e4 49. Qd4 Nf5 50. Qc5 Qe6 51. fxe4 dxe4 52. Bc4 Qe8 53.
Be3 Qb8 54. Qa7+ Qc7 55. Qxc7+ Kh8 56. b6 Nxe3 57. Kxe3 f5 58. b7 g5 59. Ke2 f4 60.
Ke1 f3 61. b8=Q# 1-0

[Event "Late-Titled-Tuesday-Blitz-April-30-2024"]
[Site "Chess.com"]
[Date "2024.04.30"]
[Round "5"]
[White "RuperezA"]
[Black "Atanejhad"]
[Result "1/2-1/2"]
[WhiteElo "2612"]
[BlackElo "2463"]
[TimeControl "180+1"]
[EndTime "14:58:01 PDT"]
[Termination "Game drawn by repetition"]

1. e4 Nf6 2. e5 Nd5 3. Nc3 Nxc3 4. dxc3 d5 5. Nf3 c5 6. c4 d4 7. Bd3 Nc6 8. h3 g6 9. Bf4 Bg7 10. O-O O-O 11. Qd2 Qb6 12. Rae1 Qxb2 13. Bh6 Qc3 14. Qf4 Be6 15. Qh4 f6 16. Bxg7 Kxg7 17. exf6+ Rxf6 18. Ng5 Bg8 19. Ne4 Qa5 20. Nxf6 exf6 21. Re2 Qc7 22.
f4 Bf7 23. Rfe1 Rd8 24. Qf2 Qd6 25. g4 b6 26. h4 Rd7 27. Qf3 Na5 28. f5 Nxc4 29.
Bxc4 Bxc4 30. Re8 Bf7 31. R8e2 c4 32. fxg6 hxg6 33. h5 d3 34. cxd3 cxd3 35. Rd2 Qc5+ 36. Qe3 Qc3 37. h6+ Kh7 38. g5 fxg5 39. Qxg5 Qc5+ 40. Qe3 Qxe3+ 41. Rxe3 Bc4 42. Rh3 b5 43. Kf2 a5 44. a3 a4 45. Rh4 g5 46. Rh5 Rd6 47.
Rxg5 Rxh6 48. Rg2 Rf6+ 49. Ke3 Re6+ 50. Kd4 Re2 51. Kc3 Rxd2 52. Kxd2 Kh6 53. Ke3 Kh5 54.
Kf4 Bb3 55. Ke3 Bc4 56. Kd2 Kh6 57. Ke3 Kh7 58. Kf4 Kh6 59. Kf5 Bb3 60. Ke4 Bc4 61.
Ke3 1/2-1/2

[Event "Late-Titled-Tuesday-Blitz-April-30-2024"]
[Site "Chess.com"]
[Date "2024.04.30"]
[Round "5"]
[White "Byniolus"]
[Black "Shankland"]
[Result "0-1"]
[WhiteElo "2839"]
[BlackElo "2955"]
[TimeControl "180+1"]
[EndTime "14:58:03 PDT"]
[Termination "Shankland won by resignation"]

1. d4 d5 2. Nf3 Nf6 3. Bf4 c5 4. c3 cxd4 5. cxd4 Nc6 6. Nc3 a6 7. e3 Bg4 8. Be2 Bxf3 9. Bxf3 e6 10. Rc1 Bd6 11. Bxd6 Qxd6 12. a3 O-O 13. O-O Rac8 14. Na4 e5 15. Nc5 exd4 16. exd4 Qf4 17. Nb3 Rfe8 18.
g3 Qd6 19. Nc5 Re7 20. b4 g6 21. Qd3 Kg7 22. Rc2 Rce8 23. Nxb7 Rxb7 24. Qxa6 Ra7 25. Qxc6 Qxc6 26. Rxc6 Rxa3 27. Kg2 Rb3 28. Rb6 Rd8 29. Re1 Rd7 30. h4 Rd3 31. Rd1 Rb3 32. b5 Ra7 33. Rd2 Raa3 34. Be2 Ne4 35. Rc2 Rb4 36. Ra6 Rab3 37. Ra7 Rb2 38. Bd3 Rxc2 39. Bxc2 Nc3 40. Bd3 Rxd4 41. Bf1 Rb4 42. Rd7 d4 43.
Rb7 Rb2 44. Kf3 Nd1 45. Be2 Nxf2 46. Kxf2 d3 47. Re7 dxe2 48. Rxe2 Rxb5 49. Kg2 Kf6 50. Kh3 Re5 51. Rf2+ Ke6 52. Rb2 h5 53. Rb6+ Kf5 54. Rb7 f6 55. Rb6 g5 56. hxg5 fxg5 57. g4+ hxg4+ 58. Kg3 Re3+ 59. Kg2 g3 60. Rb4 Re4 61. Rb5+ Kf4 62. Rb2 Kg4 63. Ra2 Rf4 64. Kg1 Rc4 65. Ra1 Kh3 66. Kh1 Rc3 67. Kg1 g4 68. Rb1 g2 69.
Re1 Rf3 70. Rd1 Rf1+ 0-1

[Event "Late-Titled-Tuesday-Blitz-April-30-2024"]
[Site "Chess.com"]
[Date "2024.04.30"]
[Round "5"]
[White "Krlence"]
[Black "Rodalquilar"]
[Result "1-0"]
[WhiteElo "2517"]
[BlackElo "2684"]
[TimeControl "180+1"]
[EndTime "14:58:04 PDT"]
[Termination "Krlence won by checkmate"]

1. e4 d5 2. exd5 Qxd5 3. Nf3 Bg4 4. Be2 Nc6 5. d4 O-O-O 6. c4 Qf5 7. Be3 Bxf3 8. Bxf3 Nxd4 9. Bxd4 Qe6+ 10. Be2 Qe4 11.
O-O Qxd4 12. Qb3 e6 13. Nc3 Bd6 14. Bf3 c6 15. Rad1 Qe5 16. g3 Ne7 17. Rfe1 Qa5 18. a3 Be5 19. Ne4 Rxd1 20. Rxd1 Rd8 21. Rxd8+ Qxd8 22. Qa4 Kb8 23. b4 h6 24. b5 f5 25. Nc5 Qd6 26. Nb3 Bd4 27. bxc6 bxc6 28.
Qa5 Bb6 29. Qc3 Qc7 30. c5 Nd5 31. Bxd5 cxd5 32. Qb4 Kb7 33. cxb6 axb6 34. Qd4 g5 35. Kg2 Qc6 36. a4 Ka6 37. Nd2 Qd6 38. Nf3 g4 39.
Ne5 Qc5 40. Qd3+ Ka5 41. Nd7 Qc6 42. Ne5 Qc5 43. Qb3 d4 44. Nd3 Qc6+ 45. Kg1 Ka6 46.
Nb4+ Kb7 47. Nxc6 Kxc6 48. Qxe6+ Kc5 49. Qxh6 Kc4 50. Qe6+ Kc3 51. Qxf5 d3 52. Qxg4 d2 53. h4 Kc2 54. h5 d1=Q+ 55. Qxd1+ Kxd1 56. h6 b5 57. h7 b4 58. h8=Q Kc2 59. a5 b3 60.
a6 b2 61. Qxb2+ Kxb2 62. a7 Kc2 63. a8=Q Kd2 64. g4 Ke2 65. g5 Ke1 66. g6 Ke2 67.
g7 Ke1 68. g8=Q Ke2 69. Qe6+ Kd3 70. Qd8+ Kc3 71. Qc6+ Kb4 72. Qb8+ Ka5 73. Qca8# 1-0

[Event "Late-Titled-Tuesday-Blitz-April-30-2024"]
[Site "Chess.com"]
[Date "2024.04.30"]
[Round "5"]
[White "MITerryble"]
[Black "Binary010"]
[Result "1-0"]
[WhiteElo "3025"]
[BlackElo "2921"]
[TimeControl "180+1"]
[EndTime "14:58:05 PDT"]
[Termination "MITerryble won by resignation"]

1. d4 Nf6 2. Bg5 Ne4 3. Bf4 c5 4. f3 Qa5+ 5. c3 Nf6 6. d5 e6 7. e4 exd5 8. e5 Nh5 9. Bc1 Qd8 10. Ne2 Nc6 11. Qxd5 d6 12. g4 Qh4+ 13. Kd1 Be6 14. Qe4 dxe5 15. gxh5 O-O-O+ 16. Bd2 Qxh5 17. Ng3 Qg5 18. Kc1 Qf6 19. Bc4 g6 20. Na3 Kb8 21.
Kc2 h5 22. Bxe6 Qxe6 23. Rad1 h4 24. Ne2 Be7 25. Rhe1 Qxa2 26. Qc4 Qxc4 27. Nxc4 b5 28. Ne3 Bg5 29. Ng1 h3 30. Ng4 Bxd2 31. Rxd2 Rxd2+ 32.
Kxd2 Rd8+ 33. Kc2 Re8 34. Nxh3 f5 35. Ngf2 Kc7 36. Ng5 Rh8 37. h3 Rh5 38. Nf7 f4 39. Rg1 Rf5 40. Ng5 Ne7 41. Nge4 Nd5 42. Rxg6 Ne3+ 43.
Kd2 c4 44. Nd6 Rf8 45. Nxb5+ Kb7 46. Ke2 Rh8 47. Nd6+ Kc7 48. Nf7 Rb8 49. Nd1 Nxd1 50. Kxd1 Rxb2 51. Nxe5 Rh2 52. Rh6 a5 53. Nxc4 a4 54.
Kc1 Rf2 55. h4 Rxf3 56. Rh7+ Kd8 57. Kb2 Rh3 58. h5 f3 59. Rf7 Rxh5 60. Rxf3 Rb5+ 61.
Kc2 Rc5 62. Rf4 Kc7 63. Na3 Ra5 64. Rb4 Kc6 65. c4 Ra8 66. Kc3 Kc5 67. Rb5+ Kc6 68. Kb4 Ra7 69. Nc2 1-0